 Dungeon Crawl Stone Soup version 0.24-a0-762-gca426f56c8 (webtiles) character file.

Game seed: 6463626872171727865, levelgen mode: deterministic

248770 Johnny the Metallomancer (level 18, -2/149 HPs)
             Began as a Demigod Earth Elementalist on Oct 2, 2019.
             Slain by a shambling mangrove (12 damage)
             ... on level 2 of the Swamp on Oct 3, 2019.
             The game lasted 01:27:44 (35406 turns).

Johnny the Metallomancer (DgEE)                    Turns: 35406, Time: 01:27:45

Health: -2/149     AC: 11    Str: 11    XL:     18   Next: 87%
Magic:  6/46       EV:  9    Int: 31    God:
Gold:   2307       SH:  0    Dex: 16    Spells: 9/37 levels left

rFire    + . .     SeeInvis .   N - +0 shortbow "Ajash" {flame, rF+ rN+ MR+}
rCold    . . .     Gourm    .   (shield currently unavailable)
rNeg     + . .     Faith    .   v - +3 leather armour {rPois}
rPois    +         Spirit   .   S - +1 hat
rElec    +         Reflect  .   t - +2 cloak
rCorr    .         Harm     .   (no gloves)
MR       ++...                  h - +0 pair of boots
Stlth    ++........             L - amulet of Laror {Acrobat rElec}
HPRegen  0.34/turn              o - ring of magical power
MPRegen  0.30/turn              J - ring of wizardry

@: grasped by roots, constricted
A: high mp 1
a: no special abilities


You were on level 2 of the Swamp.
You were very hungry.

You visited 4 branches of the dungeon, and saw 25 of its levels.
You also visited: Ossuary, Gauntlet, Ice Cave and Volcano.

You collected 4026 gold pieces.
You spent 1719 gold pieces at shops.

Inventory:

Hand Weapons
 B - the +6 hand axe of the Shoals {chop, rElec rC+ Dex+4 SInv}
   (You bought it in a shop on level 1 of the Orcish Mines)

   It inflicts extra damage upon your enemies.
   It affects your dexterity (+4).
   It protects you from cold.
   It insulates you from electricity.
   It lets you see invisible.
 M - the +9 mace of Hiuxacwe {crush, +Inv Str-4 Int+4 SInv}
   (You found it on level 6 of the Lair of Beasts)

   It inflicts extra damage upon your enemies.
   It affects your strength (-4).
   It affects your intelligence (+4).
   It lets you see invisible.
   It lets you turn invisible.
 N - the +0 shortbow "Ajash" (weapon) {flame, rF+ rN+ MR+}
   (You found it on level 6 of the Lair of Beasts)

   It causes projectiles fired from it to burn those they strike, causing extra
   injury to most foes and up to half again as much damage against particularly
   susceptible opponents.
   It protects you from fire.
   It protects you from negative energy.
   It affects your resistance to hostile enchantments.
 V - the +3 dagger "Baguw" {elec, *Noise rC+ MR+}
   (You found it on level 2 of the Lair of Beasts)

   Occasionally, upon striking a foe, it will discharge some electrical energy
   and cause terrible harm.
   It protects you from cold.
   It affects your resistance to hostile enchantments.
   It may make noises in combat.
Missiles
 y - 306 stones (quivered)
Armour
 h - a +0 pair of boots (worn)
 n - +0 swamp dragon scales
 t - a +2 cloak (worn)
 v - a +3 leather armour of poison resistance (worn)
 O - a +0 troll leather armour
 S - a +1 hat (worn)
Jewellery
 a - an uncursed ring of magical power
 e - an uncursed amulet of magic regeneration
 o - a ring of magical power (left hand)
 s - the ring "Raudix" {rElec rN+++ AC+5 Int-4 Dex-3}
   (You found it in an ice cave)

   [ring of protection]

   It affects your AC (+5).
   It affects your intelligence (-4).
   It affects your dexterity (-3).
   It insulates you from electricity.
   It renders you almost immune to negative energy.
 F - an uncursed ring of protection from fire
 H - an uncursed ring of protection from cold
 J - a ring of wizardry (right hand)
 L - the amulet of Laror (around neck) {Acrobat rElec}
   (You found it on level 11 of the Dungeon)

   [amulet of the acrobat]

   It helps you evade while moving and waiting.
   It insulates you from electricity.
 U - the ring "Wepy" {+Inv rElec rC+ Int+2}
   (You took it off a minotaur in a Gauntlet)

   [ring of intelligence]

   It affects your intelligence (+2).
   It protects you from cold.
   It insulates you from electricity.
   It lets you turn invisible.
Wands
 m - a wand of enslavement (11)
 r - a wand of digging (17)
 w - a wand of disintegration (22)
 W - a wand of polymorph (25)
Scrolls
 i - a scroll of enchant armour
 j - 16 scrolls of teleportation
 q - 3 scrolls of remove curse
 u - a scroll of fog
 x - a scroll of identify
 z - a scroll of torment
 E - a scroll of immolation
 Y - 2 scrolls of fear
Potions
 b - a potion of cancellation
 c - 5 potions of mutation
 f - 2 potions of invisibility
 g - 2 potions of degeneration
 k - 14 potions of curing
 l - a potion of ambrosia
 p - 4 potions of agility
 C - 7 potions of might
 D - 4 potions of resistance
 K - 3 potions of lignification
 R - 2 potions of heal wounds
 X - a potion of flight
 Z - a potion of haste
Miscellaneous
 I - a lamp of fire (inert)
 P - a lightning rod (1/4)
Comestibles
 d - 36 rations


   Skills:
 - Level 10.6 Fighting
 - Level 1.7 Dodging
 - Level 1.7 Stealth
 - Level 10.1 Spellcasting
 - Level 0.8 Transmutations
 * Level 22.5 Earth Magic


You had 9 spell levels left.
You knew the following spells:

 Your Spells              Type           Power        Failure   Level  Hunger
a - Sandblast             Erth           ######       0%          1    None
b - Stone Arrow           Conj/Erth      ######       1%          3    None
c - Lee's Rapid Deconstr  Erth           ########..   0%          5    ###....
d - Petrify               Tmut/Erth      ######..     1%          4    None
f - Shatter               Erth           ########..   16%         9    #######
i - Iron Shot             Conj/Erth      ######....   2%          6    #####..

Your spell library contained the following spells:

 Spells                   Type           Power        Failure   Level  Hunger
 Animate Skeleton         Necr           N/A          1%          1    None
 Apportation              Tloc           ###...       1%          1    None
 Confusing Touch          Hex            ###...       1%          1    None
 Corona                   Hex            ###....      1%          1    None
 Flame Tongue             Conj/Fire      ###..        1%          1    None
 Sting                    Conj/Pois      ###.         1%          1    None
 Summon Butterflies       Summ           ###.....     1%          1    None
 Summon Small Mammal      Summ           ###.         1%          1    None
 Passwall                 Tmut/Erth      ######..     1%          2    None
 Call Imp                 Summ           ###.....     2%          2    None
 Corpse Rot               Necr           N/A          2%          2    None
 Ensorcelled Hibernation  Hex/Ice        ###...       2%          2    None
 Poisonous Vapours        Pois/Air       ###...       2%          2    None
 Swiftness                Chrm/Air       ###.....     2%          2    None
 Throw Flame              Conj/Fire      ###...       2%          2    None
 Bolt of Magma            Conj/Fire/Erth ######....   2%          5    ###....
 Statue Form              Tmut/Erth      ######...    2%          6    #####..
 Call Canine Familiar     Summ           ###.....     5%          3    None
 Confuse                  Hex            ###.....     5%          3    None
 Conjure Flame            Conj/Fire      ###.....     5%          3    None
 Dazzling Spray           Conj/Hex       ###...       5%          3    None
 Gell's Gravitas          Tloc           ###.......   5%          3    None
 Inner Flame              Hex/Fire       ###.....     5%          3    None
 Lesser Beckoning         Tloc           ###.......   5%          3    None
 Mephitic Cloud           Conj/Pois/Air  ###.....     5%          3    None
 Static Discharge         Conj/Air       ###.....     5%          3    None
 Summon Guardian Golem    Hex/Summ       ###.....     5%          3    None
 Tukima's Dance           Hex            ###.....     5%          3    None
 Ice Form                 Ice/Tmut       ###.....     14%         4    None
 Cause Fear               Hex            ###.......   16%         4    None
 Olgreb's Toxic Radiance  Pois           ###.....     16%         4    None
 Passage of Golubria      Tloc           N/A          16%         4    None
 Sticky Flame             Conj/Fire      ###.....     16%         4    None
 Summon Ice Beast         Ice/Summ       ###.....     16%         4    None
 Summon Lightning Spire   Summ/Air       ###.....     16%         4    None
 Alistair's Intoxication  Tmut/Pois      ###.....     36%         5    ###....
 Yara's Violent Unravell  Hex/Tmut       ###.......   36%         5    ###....
 Bolt of Draining         Conj/Necr      ###.......   41%         5    ###....
 Fireball                 Conj/Fire      ###.......   41%         5    ###....
 Iskenderun's Battlesphe  Conj/Chrm      ###.....     41%         5    ###....
 Lightning Bolt           Conj/Air       ###.......   41%         5    ###....
 Metabolic Englaciation   Hex/Ice        ###.......   41%         5    ###....
 Summon Mana Viper        Hex/Summ       ###.....     41%         5    ###....
 Venom Bolt               Conj/Pois      ###.......   41%         5    ###....
 Bolt of Cold             Conj/Ice       ###.......   92%         6    #####..
 Darkness                 Hex            ###.......   92%         6    #####..
 Freezing Cloud           Conj/Ice/Air   ###.......   92%         6    #####..
 Invisibility             Hex            ###.....     92%         6    #####..
 Ozocubu's Refrigeration  Ice            ###.......   92%         6    #####..
 Simulacrum               Ice/Necr       ###.......   92%         6    #####..
 Malign Gateway           Summ/Tloc      ###.......   100%        7    ######.
 Orb of Destruction       Conj           ###.......   100%        7    ######.
 Spellforged Servitor     Conj/Summ      ###.......   100%        7    ######.
 Ignition                 Fire           ###.......   100%        8    #######
 Tornado                  Air            ###.......   100%        9    #######


Dungeon Overview and Level Annotations

Branches:
Dungeon (15/15)            Temple (0/1) D:4            Lair (6/6) D:10
  Swamp (2/4) Lair:2       Spider (0/4) Lair:3        Slime (0/5) Lair:6
    Orc (2/2) D:12            Elf (0/3) Orc:2        Vaults (0/5) D:14
 Depths (0/5) D:15        Ossuary (visited)           IceCv (visited)
Volcano (visited)         Gauntlet (visited)

Shops:
D:5 (   Orc:1 (   Orc:2 *(=[

Portals:
Trove: D:13 (give 7 scrolls of blinking)


Innate Abilities, Weirdness & Mutations

You have an increased reservoir of magic. (+10% MP)


Message History

Aim: a spriggan rider, wielding a +0 quarterstaff (severely wounded, covered in acid)
The stone arrow hits the spriggan rider!!
You kill the hornet!
The spriggan falls from its now dead mount.
The spriggan is almost dead.
The grasping roots constrict you!
The spriggan hits you with a +0 quarterstaff!
Casting: Stone Arrow (safe; 1% risk of failure)
Confirm with . or Enter, or press ? or * to list all spells.
Aiming: Stone Arrow (safe; 1% risk of failure)
Press: ? - help, Shift-Dir - straight line, f/p - spriggan
Aim: a spriggan, wielding a +0 quarterstaff (almost dead, covered in acid)
The stone arrow hits the spriggan!
You kill the spriggan!
The grasping roots constrict you!
As you read the scroll of fear, it crumbles to dust.
You assume a fearsome visage.
The shambling mangrove is unaffected.
The shambling mangrove hits you!!!
* * * LOW HITPOINT WARNING * * *
You die...

♣♣..≈≈....♣♣♣≈§...
♣.≈.≈≈.≈≈.....≈.≈≈
♣♣..≈≈.≈≈≈.≈≈≈≈.≈≈
♣.≈♣≈..≈..♣≈♣≈≈≈≈
♣.≈≈≈.♣♣♣.....≈≈§
♣.≈≈..♣ ♣♣....≈.≈
.. ♣.§≈.♣♣
♣...≈♣♣§≈ ≈
♣.♣♣♣f≈≈♣♣
♣♣.≈≈♣♣.≈ .♣.♣
♣.♣♣@..≈.♣
♣.≈≈♣♣.≈ .≈≈♣.
♣≈♣♣≈≈..♣♣ ♣ ♣.♣
.≈≈≈≈♣♣≈♣♣.†.♣♣
♣§. ...≈.≈≈..♣.§♣♣
♣♣§ .≈≈≈.≈≈≈....♣
♣. §≈≈≈.♣≈≈...♣♣
♣. ≈≈...≈≈≈....♣
♣♣ ♣≈.♣.≈≈≈.≈.♣♣ ♣
..$..≈≈≈≈.♣♣ ♣


You could see a shambling mangrove.

Vanquished Creatures
  Gastronok (Lair:2)
  2 orc warlords
  The ghost of Turphace the Geomancer, a journeyman GrEE of Sif Muna (Orc:1)
  A stone giant (Volcano)
  An entropy weaver (Gauntlet)
  Nessos (Lair:5)
  A minotaur (Gauntlet)
  A fire dragon (Lair:6)
  Josephine (D:15)
  Harold (D:10)
  A ghost crab (Swamp:1)
  11 hydras
  4 vault guards (D:14)
  3 two-headed ogres
  4 alligators
  6 death yaks (Lair:6)
  A death knight (D:15)
  An ogre mage (D:14)
  2 tengu warriors (D:13)
  4 orc high priests (Orc:2)
  Nergalle (D:10)
  A fire crab (Lair:6)
  3 unseen horrors
  A deep elf archer (D:14)
  6 swamp dragons
  3 wizards
  A phantasmal warrior (D:15)
  A wolf spider zombie (D:13)
  A necromancer (D:15)
  7 orc knights
  2 wolf spiders
  A manticore (D:11)
  3 deep elf magi
  7 orc sorcerers
  14 ugly things
  3 ice statues (IceCv)
  A smoke demon (Gauntlet)
  Joseph (D:7)
  9 black mambas
  5 elephants
  3 molten gargoyles (Lair:6)
  A naga mage (D:15)
  11 spiny frogs
  6 yaktaurs
  4 efreet
  2 ice devils (D:13)
  9 komodo dragons
  2 freezing wraiths (D:11)
  2 rime drakes
  A red devil (Gauntlet)
  9 trolls
  A tengu conjurer (D:13)
  6 meliai
  2 jumping spiders (Lair:3)
  6 polar bears
  A queen bee (D:15)
  A hornet (shapeshifter) (D:14)
  3 tyrant leeches
  10 hippogriffs
  4 hornets
  8 slime creatures
  2 bog bodies
  16 blink frogs
  A meliai zombie (D:15)
  2 redbacks
  Sigmund (D:3)
  A spriggan (Swamp:2)
  4 shadows
  13 wyverns
  56 yaks
  A spriggan (shapeshifter) (D:14)
  2 humans
  9 fire bats (Volcano)
  3 steam dragons
  9 wraiths (D:15)
  A hog (shapeshifter) (D:11)
  3 hogs (D:9)
  3 hungry ghosts
  Eustachio (D:4)
  5 basilisks
  2 fire elementals (Volcano)
  A neqoxec (Gauntlet)
  10 vampire mosquitoes
  3 chaos spawn (Gauntlet)
  A harpy simulacrum (D:15)
  6 swamp worms
  Menkaure (D:5)
  9 wargs
  4 insubstantial wisps
  5 acid dragons
  3 hell hounds (Lair:6)
  11 water moccasins
  9 porcupines
  A meliai simulacrum (D:15)
  7 black bears
  3 hornet zombies
  44 orc warriors
  A swamp drake (Swamp:1)
  2 eyes of draining
  2 phantoms (D:11)
  10 ice beasts
  8 sky beasts
  8 ogres
  9 wolves
  5 boggarts
  11 centaurs
  20 crocodiles
  16 bullfrogs
  An earth elemental (Volcano)
  A spectral warg (Orc:1)
  A wyvern zombie (D:10)
  33 killer bees
  3 spectral ogres (Orc:1)
  9 scorpions
  2 orc simulacra (Orc:1)
  12 wights
  4 howler monkeys
  3 electric eels (Lair:3)
  12 lava snakes
  Crazy Yiuf (D:3)
  4 bullfrog zombies
  A quasit (D:8)
  2 jellies
  9 centaur zombies
  8 crimson imps
  5 hounds
  17 orc priests
  4 bullfrog skeletons
  12 centaur skeletons
  37 orc wizards
  2 iguanas
  5 hell rats (Lair:4)
  12 worker ants
  2 big kobold zombies (Ossuary)
  3 hound zombies
  2 hound skeletons
  2 mummies (Ossuary)
  A spectral orc (Orc:1)
  2 worker ant zombies
  3 gnolls (D:5)
  A howler monkey skeleton (D:8)
  17 adders
  4 shadow imps
  A worker ant simulacrum (D:11)
  2 oozes (D:4)
  2 adder skeletons
  A worm (D:2)
  A dart slug (D:3)
  2 leopard geckos
  99 orcs
  2 bat zombies (D:3)
  8 giant cockroaches
  11 goblins
  3 hobgoblins
  28 jackals
  9 kobolds
  2 quokkas
  A ball python (D:3)
  14 bats
  2 frilled lizards
  2 goblin zombies (Ossuary)
  5 hobgoblin zombies (Ossuary)
  A jackal skeleton (D:6)
  A jackal zombie (Ossuary)
  12 kobold zombies (Ossuary)
  10 orc zombies (Ossuary)
  A quokka skeleton (D:5)
  6 rats
  A rat zombie (D:3)
  11 fungi
  3 plants
1034 creatures vanquished.

Vanquished Creatures (collateral kills)
  A bog body (Swamp:1)
  2 vampire mosquitoes (Swamp:1)
3 creatures vanquished.

Vanquished Creatures (others)
  An ugly thing (D:15)
  A vampire mosquito (D:15)
  2 jellies (D:11)
  A worker ant zombie (D:11)
  A bush (Lair:6)
  11 fungi
  9 plants
26 creatures vanquished.

Grand Total: 1063 creatures vanquished

Notes
Turn   | Place    | Note
-------+----------+-------------------------------------------
     0 | D:1      | Johnny the Demigod Earth Elementalist began the quest for
                  | the Orb.
     0 | D:1      | Reached XP level 1. HP: 14/14 MP: 5/5
   186 | D:1      | Reached skill level 3 in Earth Magic
   211 | D:1      | Reached XP level 2. HP: 20/22 MP: 0/7
   766 | D:2      | Found a hide-covered altar of Uskayaw.
   815 | D:2      | Reached skill level 1 in Fighting
  1392 | D:2      | Reached XP level 3. HP: 27/28 MP: 5/8
  1660 | D:2      | Found a stormy altar of Qazlal.
  1672 | D:2      | Found a shimmering blue altar of Sif Muna.
  1793 | D:3      | Found a runed translucent door.
  1794 | D:3      | Noticed Crazy Yiuf
  2045 | D:3      | Reached XP level 4. HP: 35/35 MP: 8/10
  2215 | D:3      | Reached skill level 4 in Earth Magic
  2582 | D:3      | Reached XP level 5. HP: 41/41 MP: 6/11
  2602 | D:3      | Found an ancient bone altar of Kikubaaqudgha.
  2724 | D:3      | Noticed Sigmund
  2732 | D:3      | Killed Sigmund
  2732 | D:3      | Reached skill level 5 in Earth Magic
  2732 | D:3      | Reached XP level 6. HP: 40/50 MP: 7/13
  2747 | D:3      | Learned a level 3 spell: Stone Arrow
  3013 | D:3      | Killed Crazy Yiuf
  3179 | D:4      | Noticed Eustachio
  3192 | D:4      | Found an opulent altar of Gozag.
  3484 | D:4      | Killed Eustachio
  3556 | D:4      | Found a staircase to the Ecumenical Temple.
  3560 | D:4      | Reached XP level 7. HP: 57/57 MP: 15/15
  3873 | D:5      | Entered Level 5 of the Dungeon
  3947 | D:5      | Found Gutaophu's Weapon Boutique.
  3949 | D:5      | Bought 14 stones for 15 gold pieces
  3949 | D:5      | Bought 26 stones for 28 gold pieces
  3970 | D:5      | Reached skill level 6 in Earth Magic
  3974 | D:5      | Noticed Menkaure
  4238 | D:5      | Found the +7 Singing Sword {slice, sonic wave}
  4444 | D:5      | Killed Menkaure
  4444 | D:5      | Reached skill level 7 in Earth Magic
  4444 | D:5      | Reached XP level 8. HP: 66/66 MP: 17/18
  5740 | D:6      | Reached skill level 5 in Spellcasting
  5781 | D:6      | Reached skill level 5 in Fighting
  5781 | D:6      | Reached skill level 8 in Earth Magic
  6367 | D:6      | Found an ornate altar of the Wu Jian Council.
  6518 | D:7      | Found a sand-covered staircase.
  6526 | Ossuary  | Entered an ossuary
  6763 | Ossuary  | Reached XP level 9. HP: 74/74 MP: 20/20
  7171 | D:7      | Noticed Joseph
  7193 | D:7      | Paralysed by Joseph for 6 turns
  7204 | D:7      | Paralysed by Joseph for 7 turns
  7214 | D:7      | Killed Joseph
  7214 | D:7      | Reached skill level 9 in Earth Magic
  8448 | D:8      | Reached skill level 10 in Earth Magic
  8584 | D:8      | Reached XP level 10. HP: 41/84 MP: 4/23
  9146 | D:8      | Learned a level 5 spell: Lee's Rapid Deconstruction
  9151 | D:8      | Learned a level 4 spell: Petrify
  9527 | D:9      | Found a shattered altar of Ashenzari.
  9875 | D:9      | Reached skill level 11 in Earth Magic
 10273 | D:10     | Entered Level 10 of the Dungeon
 10472 | D:10     | Noticed Nergalle
 10486 | D:10     | Killed Nergalle
 10755 | D:10     | Reached XP level 11. HP: 94/94 MP: 26/26
 10756 | D:10     | Noticed Harold
 10799 | D:10     | Killed Harold
 10946 | D:10     | Found a staircase to the Lair.
 11275 | D:11     | Reached skill level 12 in Earth Magic
 11465 | D:11     | Noticed a two-headed ogre
 11470 | D:11     | Killed a two-headed ogre
 12120 | D:11     | Got a bound silver amulet
 12144 | D:11     | Identified the amulet of Laror {Acrobat rElec} (You found
                  | it on level 11 of the Dungeon)
 12242 | D:11     | Noticed a two-headed ogre
 12244 | D:11     | Killed a two-headed ogre
 12249 | D:11     | Noticed an entropy weaver
 12249 | D:11     | a slime creature changed into an entropy weaver
 12582 | D:11     | Reached skill level 13 in Earth Magic
 12888 | D:11     | Noticed an eight-headed hydra
 12891 | D:11     | Killed an eight-headed hydra
 12891 | D:11     | Reached XP level 12. HP: 97/104 MP: 29/29
 13411 | D:11     | Learned a level 9 spell: Shatter
 13531 | D:12     | Found a gate leading to a gauntlet.
 13546 | Gauntlet | Entered a Gauntlet
 13546 | Gauntlet | Found a transporter.
 13546 | Gauntlet | Found a transporter.
 13613 | Gauntlet | Found a transporter.
 13614 | Gauntlet | Found a transporter.
 13724 | Gauntlet | Found a transporter.
 13750 | Gauntlet | Found a transporter.
 13781 | Gauntlet | Noticed an entropy weaver
 13790 | Gauntlet | Found a transporter.
 13791 | Gauntlet | Found a transporter.
 13838 | Gauntlet | Found a transporter.
 13841 | Gauntlet | Killed an entropy weaver
 13859 | Gauntlet | Found a transporter.
 13860 | Gauntlet | Noticed a reaper
 13861 | Gauntlet | Got a coiled tin amulet
 13999 | Gauntlet | Identified the +11 hunting sling of the Several Deaths
                  | {freeze, rElec MP+9}
 13999 | Gauntlet | Identified the ring "Wepy" {+Inv rElec rC+ Int+2}
 13999 | Gauntlet | Noticed a minotaur
 14003 | Gauntlet | Killed a minotaur
 14230 | D:12     | Found a staircase to the Orcish Mines.
 14320 | D:12     | Reached skill level 10 in Fighting
 14394 | D:12     | Reached skill level 14 in Earth Magic
 15039 | D:13     | Found a frozen archway.
 15133 | IceCv    | Entered an ice cave
 15517 | IceCv    | Identified Gaph's Disquisition on Shape Shifting and
                  | Companions
 15541 | IceCv    | Got a heavily runed marble ring
 15544 | IceCv    | Identified the ring "Raudix" {rElec rN+++ AC+5 Int-4 Dex-3}
                  | (You found it in an ice cave)
 15575 | D:13     | Identified the amulet "Xycaebig" {+Rage MR+} (You found it
                  | in a Gauntlet)
 15730 | D:13     | Noticed a seven-headed hydra
 15736 | D:13     | Killed a seven-headed hydra
 15919 | D:13     | Reached skill level 10 in Spellcasting
 15919 | D:13     | Reached XP level 13. HP: 114/114 MP: 31/31
 16020 | D:13     | Got an encrusted leather armour
 16031 | D:13     | Identified the cursed +1 leather armour of Limited
                  | Liability {rN++} (You found it on level 13 of the Dungeon)
 16243 | D:13     | Found a portal to a secret trove of treasure.
 16597 | D:14     | Reached skill level 15 in Earth Magic
 17384 | D:14     | Found a glowing silver altar of Zin.
 17705 | D:14     | Reached skill level 16 in Earth Magic
 18203 | D:14     | Found a gate to the Vaults.
 18498 | D:15     | Entered Level 15 of the Dungeon
 18869 | D:15     | Noticed Josephine
 18874 | D:15     | Killed Josephine
 19520 | D:15     | Reached skill level 17 in Earth Magic
 19822 | D:15     | Reached XP level 14. HP: 122/122 MP: 30/32
 20428 | D:15     | Found a staircase to the Depths.
 20847 | Lair:1   | Entered Level 1 of the Lair of Beasts
 21590 | Lair:1   | Reached skill level 18 in Earth Magic
 22342 | Lair:2   | Noticed Gastronok
 22692 | Lair:2   | Killed Gastronok
 22833 | Lair:2   | Identified Sif Muna's Tome of Ghastly Bewitchment
 23009 | Lair:2   | Found a staircase to the Swamp.
 23822 | Lair:2   | Got a jewelled dagger
 23824 | Lair:2   | Identified the +3 dagger "Baguw" {elec, *Noise rC+ MR+}
                  | (You found it on level 2 of the Lair of Beasts)
 24216 | Lair:3   | Found a hole to the Spider Nest.
 25905 | Lair:5   | Reached skill level 19 in Earth Magic
 26212 | Lair:5   | Noticed Nessos
 26217 | Lair:5   | Killed Nessos
 26797 | Lair:6   | Entered Level 6 of the Lair of Beasts
 27015 | Lair:5   | Got a shimmering short sword
 27016 | Lair:5   | Identified the +8 short sword of Destiny {antimagic,
                  | Fragile rC+ Int+7 Dex-3} (You found it on level 5 of the
                  | Lair of Beasts)
 27194 | Lair:6   | Got an encrusted mace
 27292 | Lair:6   | Identified the +9 mace of Hiuxacwe {crush, +Inv Str-4 Int+4
                  | SInv} (You found it on level 6 of the Lair of Beasts)
 27367 | Lair:6   | Reached XP level 15. HP: 95/128 MP: 27/34
 27775 | Lair:6   | Found a viscous altar of Jiyva.
 27775 | Lair:6   | Found a staircase to the Slime Pits.
 28063 | Lair:6   | Got a slimy shortbow
 28065 | Lair:6   | Identified the +0 shortbow "Ajash" {flame, rF+ rN+ MR+}
                  | (You found it on level 6 of the Lair of Beasts)
 28755 | Lair:6   | Reached skill level 20 in Earth Magic
 29080 | Lair:6   | Found a large runed translucent door.
 29080 | Lair:6   | Found a large runed translucent door.
 29210 | Lair:6   | Got a spiked buckler
 29216 | Lair:6   | Identified the +2 buckler of Wisoefa {Stlth+} (You found it
                  | on level 6 of the Lair of Beasts)
 29937 | Orc:1    | Entered Level 1 of the Orcish Mines
 30005 | Orc:1    | Found a roughly hewn altar of Beogh.
 30084 | Orc:1    | Reached XP level 16. HP: 136/136 MP: 9/35
 30085 | Orc:1    | Reached skill level 21 in Earth Magic
 30085 | Orc:1    | Reached XP level 17. HP: 141/141 MP: 10/36
 30367 | Orc:1    | Found a runed translucent gate.
 30367 | Orc:1    | Found a runed translucent gate.
 30367 | Orc:1    | Found a runed translucent gate.
 30375 | Orc:1    | Noticed Turphace's ghost (journeyman GrEE)
 30487 | Orc:1    | Found Coamm's Antique Weapon Emporium.
 30497 | Orc:1    | Bought a bloodstained broad axe for 270 gold pieces
 30497 | Orc:1    | Bought a faintly glowing hand axe for 240 gold pieces
 30498 | Orc:1    | Identified the +6 hand axe of the Shoals {chop, rElec rC+
                  | Dex+4 SInv} (You bought it in a shop on level 1 of the
                  | Orcish Mines)
 30499 | Orc:1    | Identified the cursed +1 broad axe of Distant Shores
                  | {flame, rPois} (You bought it in a shop on level 1 of the
                  | Orcish Mines)
 30534 | Orc:2    | Entered Level 2 of the Orcish Mines
 30542 | Orc:2    | Found Jaymon's Antique Armour Boutique.
 30593 | Orc:2    | Found Wack's Antique Weapon Boutique.
 30615 | Orc:2    | Found a dark tunnel.
 30615 | Orc:2    | Found Afecwyth's General Store.
 30627 | Volcano  | Entered a volcano
 31183 | Volcano  | Found a bloodstained altar of Trog.
 31437 | Orc:2    | Bought a scroll of teleportation for 42 gold pieces
 31437 | Orc:2    | Bought a scroll of identify for 28 gold pieces
 31437 | Orc:2    | Bought a potion of curing for 42 gold pieces
 31437 | Orc:2    | Bought a scroll of identify for 28 gold pieces
 31609 | Orc:2    | Found Pan Jafuwn's Jewellery Boutique.
 31769 | Orc:2    | Bought a crude war axe for 306 gold pieces
 31769 | Orc:2    | Bought a smoking lajatang for 720 gold pieces
 31770 | Orc:2    | Identified the cursed +1 war axe of Qaugoocs {freeze, +Rage
                  | +Fly Dex-4 SInv} (You bought it in a shop on level 2 of the
                  | Orcish Mines)
 31772 | Orc:2    | Identified the cursed +2 lajatang "Esioxonn" {flame, rElec
                  | Int+4 Stlth+} (You bought it in a shop on level 2 of the
                  | Orcish Mines)
 31835 | Orc:2    | Found a staircase to the Elven Halls.
 32345 | Orc:1    | Killed Turphace's ghost
 32497 | Orc:1    | Reached skill level 22 in Earth Magic
 32497 | Orc:1    | Reached XP level 18. HP: 149/149 MP: 37/37
 32684 | Swamp:1  | Entered Level 1 of the Swamp
 33694 | Swamp:1  | Learned a level 6 spell: Iron Shot
 35406 | Swamp:2  | Slain by a shambling mangrove

Levels and vault maps discovered:
D:1:      dpeg_arrival_shrine, layout_rooms, hangedman_decor_push,
          bh_walls_and_bars
D:2:      layout_loops_corners, eat_drink_and_be_merry_uskayaw,
          amethyst_overflow_temple_binary
D:3:      kennysheep_big_flooded_room, layout_loops_ring,
          lemuel_zombie_altar_kikubaaqudgha, uniq_crazy_yiuf_cottage,
          uniq_sigmund
D:4:      layout_rooms, old_standard_altar, minmay_temple_entry_arrows,
          first_ration, uniq_eustachio
D:5:      old_forge, layout_layer_cave, serial_shops, nicolae_shop_trees,
          uniq_menkaure
D:6:      layout_basic, lemuel_doored_altar
D:7:      layout_rooms, enter_ossuary_5, uniq_joseph
D:8:      layout_loops_cross
D:9:      layout_long_grid, evilmike_ruin_ashenzari, grunt_livestock
D:10:     layout_basic, david_lair_generic, minmay_tree_intersection,
          nooodl_orcs_dogs, uniq_nergalle, uniq_harold
D:11:     minmay_the_grid_square_5x5_5x5 [minmay_the_grid_square_5x5_minivault,
          minmay_the_grid_square_5x5_shuriken,
          minmay_the_grid_square_5x5_six_small,
          minmay_the_grid_square_5x5_spiral, minmay_the_grid_square_5x5_bite,
          minmay_the_grid_square_5x5_intrusive_squares,
          minmay_the_grid_square_5x5_prize_open,
          minmay_the_grid_square_5x5_almost_minimal,
          minmay_the_grid_square_5x5_prize_open,
          minmay_the_grid_square_5x5_seven,
          minmay_the_grid_square_5x5_checkered,
          minmay_the_grid_square_5x5_hollow_slash,
          minmay_the_grid_square_5x5_prize_waves,
          minmay_the_grid_square_5x5_spiral_small,
          minmay_the_grid_square_5x5_tri_point,
          minmay_the_grid_square_5x5_corner,
          minmay_the_grid_square_5x5_prize_gold,
          minmay_the_grid_square_5x5_plus,
          minmay_the_grid_square_5x5_prize_monsterx,
          minmay_the_grid_square_5x5_two,
          minmay_the_grid_square_5x5_checkered_sparse,
          minmay_the_grid_square_5x5_meh, minmay_the_grid_square_5x5_inner_z,
          minmay_the_grid_square_5x5_two_walls_a,
          minmay_the_grid_square_5x5_two_walls_b], layout_gridville
D:12:     layout_roguey, orc_0_dummy, gauntlet_entry_generic,
          minmay_fractal_squares_5
D:13:     layout_irregular_city, portal_ice_cave_demonic_guard,
          nicolae_trove_entry_crossroad
D:14:     layout_long_grid, grunt_vaults_entry_fortified, basic_altar,
          moated_statue
D:15:     grunt_enter_depths_magical_seal, layout_basic,
          chequers_serial_rivers_micro_c, special_room [special_room_bee],
          uniq_josephine
Lair:1:   layout_roguey, minmay_shattered_shrine
Lair:2:   beast_lair_carwin_large_1, layout_small_grid, swamp_mist_pool,
          uniq_gastronok
Lair:3:   layout_roguey, spider_nest_entry_a, serial_bayou_shore_a
Lair:4:   layout_hall_layers, lemuel_fruit_tree
Lair:5:   statuecave_lemuel, layout_gridlike, uniq_nessos
Lair:6:   cheibrodos_lair_end_hotspot, layout_regular_city,
          dpeg_slime_entry_enclosed_altar, kilobyte_rumbling_trees
Swamp:1:  layout_basic_swamp, hangedman_swamp_cone, swamp_pool3
Swamp:2:  layout_falls_marsh, evilmike_swamp_ruin_wall
Orc:1:    layout_caves, serial_shops, shop_fountains, basic_altar,
          gammafunk_ghost_necromancy
Orc:2:    grunt_orc_gardens, layout_caves, grunt_orc_garden, grunt_orc_garden,
          grunt_orc_garden, grunt_orc_garden, nicolae_volcano_entry_hallway

Skill      XL: |  1  2  3  4  5  6  7  8  9 10 11 12 13 14 15 16 17 |
---------------+----------------------------------------------------+-----
Earth Magic    | 3 4 5 7 8 10 11 13 14 17 19 20 21 22 | 22.5
Spellcasting   | 2 3 4 5 6 7 8 10 | 10.1
Fighting       | 1 2 3 4 5 6 7 9 10 | 10.6
Dodging        | |  1.7
Stealth        | |  1.7
Transmutations | |  0.8

Action                   |  1- 3 |  4- 6 |  7- 9 | 10-12 | 13-15 | 16-18 || total
-------------------------+-------+-------+-------+-------+-------+-------++-------
Melee: Unarmed           |    36 |     4 |       |       |       |       ||    40
       Quarterstaff      |       |     5 |    34 |       |       |       ||    39
       Dagger            |       |       |    43 |    57 |    35 |       ||   135
       Demon trident     |       |       |       |    16 |   146 |       ||   162
       Shortbow          |       |       |       |       |       |     1 ||     1
Throw: Stone             |       |     1 |     1 |       |    22 |     8 ||    32
 Cast: Sandblast         |    67 |    73 |   109 |   132 |   182 |    32 ||   595
       Stone Arrow       |       |     7 |   169 |    83 |   143 |   102 ||   504
       Lee's Rapid Decon |       |       |       |   164 |   272 |    67 ||   503
       Petrify           |       |       |       |    14 |    68 |    23 ||   105
       Shatter           |       |       |       |       |       |    10 ||    10
       Iron Shot         |       |       |       |       |       |     6 ||     6
Evoke: Wand              |       |       |       |     6 |    38 |    29 ||    73
       Lamp of fire      |       |       |       |     1 |     3 |     1 ||     5
       Lightning rod     |       |       |       |       |     9 |     3 ||    12
       Sack of spiders   |       |       |       |       |     4 |       ||     4
  Use: Scroll            |       |     6 |     5 |    16 |    19 |    10 ||    56
       Potion            |       |       |     1 |       |     5 |     7 ||    13
 Stab: Sleeping          |       |     1 |       |     1 |     6 |       ||     8
       Paralysed         |       |       |       |    14 |     4 |       ||    18
       Petrified         |       |       |       |    14 |     3 |       ||    17
  Eat: Chunk             |     4 |     5 |    11 |    31 |    43 |     6 ||   100
       Ration            |       |       |     3 |     6 |    10 |     7 ||    26
Armor: Robe              |    25 |     9 |       |       |       |       ||    34
       Leather armour    |       |     3 |    82 |    72 |   139 |    61 ||   357
       Skin              |       |       |    18 |       |       |       ||    18
Dodge: Dodged            |    63 |    22 |   115 |   138 |   314 |   121 ||   773

Table legend:
 A = Non-vault XP
 B = Vault XP
 C = Vault XP percentage of total XP
 D = Non-vault monster count
 E = Vault monster count
 F = Vault count percentage of total count
                 A         B        C        D         E       F
            +---------+---------+-------+---------+---------+-------
      Total |  114266 |   77019 |  40.3 |     708 |     316 |  30.9
            +---------+---------+-------+---------+---------+-------
        D:1 |      31 |       0 |   0.0 |      21 |       0 |   0.0
        D:2 |      25 |       0 |   0.0 |      13 |       0 |   0.0
        D:3 |     206 |     283 |  57.9 |      43 |       7 |  14.0
        D:4 |     197 |     191 |  49.2 |      14 |       1 |   6.7
        D:5 |     503 |     551 |  52.3 |      15 |      12 |  44.4
        D:6 |    1097 |       0 |   0.0 |      26 |       0 |   0.0
        D:7 |    1107 |     450 |  28.9 |      40 |       1 |   2.4
        D:8 |    2220 |       0 |   0.0 |      29 |       0 |   0.0
        D:9 |    2474 |     988 |  28.5 |      38 |       5 |  11.6
       D:10 |    1147 |    3615 |  75.9 |      17 |      18 |  51.4
       D:11 |    1693 |    9614 |  85.0 |       9 |      46 |  83.6
       D:12 |    4399 |     484 |   9.9 |      33 |       2 |   5.7
       D:13 |    8426 |     676 |   7.4 |      35 |       2 |   5.4
       D:14 |    8916 |    7355 |  45.2 |      43 |      10 |  18.9
       D:15 |   12395 |    8090 |  39.5 |      40 |      34 |  45.9
     Lair:1 |    6292 |    3001 |  32.3 |      28 |      11 |  28.2
     Lair:2 |    5554 |    4135 |  42.7 |      25 |       9 |  26.5
     Lair:3 |    2170 |     828 |  27.6 |      14 |       3 |  17.6
     Lair:4 |    4976 |       0 |   0.0 |      30 |       0 |   0.0
     Lair:5 |    4644 |    1344 |  22.4 |      18 |       1 |   5.3
     Lair:6 |   14477 |   10328 |  41.6 |      39 |      34 |  46.6
    Swamp:1 |   12538 |       0 |   0.0 |      29 |       0 |   0.0
    Swamp:2 |    7341 |       0 |   0.0 |      19 |       0 |   0.0
      Orc:1 |    6296 |    1825 |  22.5 |      45 |       8 |  15.1
      Orc:2 |    5142 |   10299 |  66.7 |      45 |      27 |  37.5
    Ossuary |       0 |     294 | 100.0 |       0 |      38 | 100.0
      IceCv |       0 |    3241 | 100.0 |       0 |      11 | 100.0
    Volcano |       0 |    4248 | 100.0 |       0 |      22 | 100.0
   Gauntlet |       0 |    5179 | 100.0 |       0 |      14 | 100.0
            +---------+---------+-------+---------+---------+-------
